Engelson, chaotic male elven Ranger --------------- ----------- |....@./......| |.........| |...Y`..|`..`.| |.........| |=`.)----.`.`.| |.........| |---..).......| |....<....| |....`..|`.``.| |.........| |.......|.....| |.........| |.....--------- |.........| |......%.| |.........| |........------------------+| ----..>.%.........^^^^^^^^^.| -------------------------- Engelson the Trailblazer Experience level: 7 Strength: 17 Dexterity: 12 Constitution: 16 Intelligence: 15 Wisdom: 14 Charisma: 7 Health: 0(50) Energy: 40(40) Def: 8 Gold: 1117 Moves: 6133 Dungeon seed: zhZrCZnLqREsHNHq Game ID: Engelson_1430224649 Your Inventory: Coins $ - 1117 gold pieces Weapons a - the +2 Sting (alternate weapon; not wielded) b - a +2 elven bow (weapon in hand) c - 42 +2 elven arrows (in quiver) d - 36 blessed +0 elven arrows s - a +0 orcish dagger v - a +2 orcish dagger x - a +0 elven dagger R - a poisoned +0 dart Armor e - an uncursed +2 elven cloak (being worn) q - an uncursed +0 pair of elven boots (being worn) y - a blessed +0 dwarvish iron helm (being worn) M - an uncursed +0 large shield (being worn) N - an uncursed +0 mummy wrapping Comestibles f - 2 uncursed lembas wafers m - 2 uncursed sprigs of wolfsbane t - an uncursed slime mold B - an uncursed apple D - an uncursed cream pie I - an uncursed tripe ration Q - 2 uncursed food rations Scrolls E - an uncursed scroll of charging F - a cursed scroll of taming L - an uncursed scroll of identify S - an uncursed scroll of earth named Earth T - a cursed scroll of earth named Earth U - 2 uncursed scrolls of create monster Z - an uncursed scroll of enchant armor Potions g - an uncursed potion of extra healing l - an uncursed potion of oil z - a cursed potion of healing A - an uncursed potion of paralysis Rings u - an uncursed ring of cold resistance H - an uncursed ring of protection from shape changers O - an uncursed ring of poison resistance Wands G - a wand of nothing named Digging? (0:7) V - a wand of light (0:12) Tools h - an uncursed tallow candle (0:200) i - a +0 unicorn horn p - an uncursed sack J - a +0 pick-axe K - 2 cursed tallow candles (0:200) Gems n - 2 uncursed worthless pieces of yellowish brown glass r - an uncursed worthless piece of violet glass Y - an uncursed worthless piece of green glass Contents of the sack: an uncursed spellbook of extra healing Spells known in the end: Name Level Category Fail Memory a - extra healing 3* healing 100% 0% Your skills at the end: Fighting Skills Weapon Skills dagger [Skilled] bow [Basic] Spellcasting Skills Final Attributes: You were piously aligned. You were sleep resistant. You had automatic searching. You had infravision. You were stealthy. You were lucky. You are dead. Vanquished creatures: a large cat a quivering blob 3 wolves 3 leprechauns an iron piercer a giant spider an orc mummy a gold golem a housecat 2 gray unicorns a snake an ape a human zombie 3 soldier ants 2 Uruk-hai a rock piercer 2 ponies 4 shriekers a gnomish wizard 2 kobold mummies a golden naga hatchling a gray ooze 7 giant ants 2 little dogs 2 floating eyes 3 dwarves a kobold shaman a rabid rat a giant bat 2 monkeys 2 werejackals 2 iguanas an acid blob a hobbit a large kobold 4 hobgoblins a cave spider a yellow mold a green mold 5 gnomes 9 garter snakes a gecko 12 jackals a fox 4 goblins 2 sewer rats 6 grid bugs 5 bats 2 lichens 2 kobold zombies 4 newts 121 creatures vanquished. Voluntary challenges: You used a wielded weapon 91 times, starting on turn 325. You read items or engraved 18 times, starting on turn 871. You never genocided any monsters. You never polymorphed an object. You never changed form. You used no wishes. You never split a pudding. You wrote Elbereth's name 2 times, starting on turn 4760. You never violated your personal moral code. Dungeon overview: The Dungeons of Doom: levels 1 to 9 Level 1 a long staircase Level 2 Level 3 some fountains Level 4 stairs to The Gnomish Mines Level 5 Level 6 Level 7 many fountains Level 8 some fountains stairs to Sokoban Level 9 The Gnomish Mines: Level 5 stairs to The Dungeons of Doom Sokoban: levels 5 to 7 Level 5 <- You were here Level 6 Level 7 stairs to The Dungeons of Doom History has recorded: On T:1 you entered the Dungeons of Doom to retrieve the Amulet of Yendor! On T:409 you reached level 2 of The Dungeons of Doom. On T:764 you reached level 3 of The Dungeons of Doom. On T:1175 you advanced to experience level 2. On T:1241 you reached level 4 of The Dungeons of Doom. On T:1327 you advanced to experience level 3. On T:1465 you reached level 1 of The Gnomish Mines. On T:1638 you reached level 5 of The Dungeons of Doom. On T:1726 you advanced to experience level 4. On T:2179 you reached level 6 of The Dungeons of Doom. On T:2377 you advanced to experience level 5. On T:2648 you reached level 7 of The Dungeons of Doom. On T:3018 you advanced to experience level 6. On T:4347 you reached level 8 of The Dungeons of Doom. On T:4383 you reached level 9 of The Dungeons of Doom. On T:4481 you advanced to experience level 7. On T:4759 you reached level 4 of Sokoban. On T:4999 you reached level 3 of Sokoban. On T:5857 you reached level 2 of Sokoban. Score breakdown: Gold: 1117 (10369 points) Experience: 7 levels (13645 points) Exploration: 9 levels ( 18.75%) (12377 points) Discoveries: 4 items ( 1.37%) ( 3517 points) Valuables value: (no points given unless you survive) Artifact value: 800 ( 9877 points) Variety of kills: 51 monsters ( 13.46%) (11004 points) Time penalty: 6133 turns (-1656 points) Survival: died (score multiplied by 80%) Total score: 47306 Latest messages: The elven arrow hits the ape! The ape hits! (2x) You die... Final status: Goodbye Engelson the Ranger, killed by an ape... You died in Sokoban on dungeon level 5 with 47306 points, and 1117 pieces of gold, after 6133 moves. You were level 7 with a maximum of 50 hit points when you died.